cohdb
Replays
Latest Replays
All Replays
Popular Replays
Top Player Replays
Match Explorer
How It Works
Community
CoH3 Stats
Reddit
Sign in to upload your games and track your stats! →
Sign in with Steam
Match 39637993
Unlisted
Match 39637993
Overview
Messages
Build Orders
End
Construct Barracks
Riflemen Squad
M1 Mortar Team
Riflemen Squad
Riflemen Squad
Selects Advanced Infantry Battlegroup
Infantry Support Center
Construct Medical Station
Selects Convert to Ranger Squad
Selects Frontline Medical Station
Advanced Logistics
Convert to Ranger Squad
Construct Weapon Support Center
Improved M9 Bazooka Rockets
Convert to Ranger Squad
Convert to Ranger Squad
Engineer Squad
Frontline Medical Station
Selects Ammunition Storage
Selects M2A1 105mm Howitzer Emplacement
Munitions Surplus
Mr.Earl
Banana
Redkit_34
kavesadrnew2023
gorka_morka_
Bighazelnut
0
0
Comments
sign in to comment!
No comments posted yet!